 Dungeon Sprint DCSS version 0.29-a0-364-g921d912d32 (webtiles) character file.

Game seed: 16955009145900946832

1218 mhtbhm the Cleaver (level 8, 0/60 HPs)
             Began as a Gargoyle Berserker on Apr 30, 2022.
             Was a High Priest of Trog.
             Slain by Erica
             ... wielding a +2 scimitar of flaming
              (13 damage)
             ... in the Dungeon (Sprint III: "The Ten Rune Challenge").
             The game lasted 00:01:53 (1077 turns).

mhtbhm the Cleaver (Gargoyle Berserker)             Turns: 1077, Time: 00:01:53

Health: 0/60       AC: 15    Str: 24    XL:     8   Next: 46%
Magic:  8/8        EV: 12    Int:  7    God:    Trog [*****.]
Gold:   31         SH:  0    Dex:  9    Spells: 7/7 levels left

rFire   . . .      SeeInvis .   a - +0 hand axe
rCold   . . .      Faith    .   (no shield)
rNeg    + . .      Spirit   .   b - +0 ring mail
rPois   ∞          Reflect  .   (no helmet)
rElec   +          Harm     .   d - +0 cloak
rCorr   .          Rampage  .   (no gloves)
Will    .....      Clarity  +   (no boots)
Stlth   +......... NoTele   +   (no amulet)
HPRegen 0.20/turn               (no ring)
MPRegen 0.11/turn               (no ring)

@: on berserk cooldown, slowed, very slow
A: sickness immunity, AC +5, negative energy resistance 1, electricity
resistance, torment resistance 1, petrification resistance, iridescent scales 1,
clarity
a: Renounce Religion, Berserk, Trog's Hand, Brothers in Arms


You were in the Dungeon.
You worshipped Trog.
Trog was extremely pleased with you.
You visited 1 branch You collected 31 gold pieces.

Inventory:

Hand Weapons
 a - a +0 hand axe (weapon)
Armour
 b - a +0 ring mail (worn)
 d - a +0 cloak (worn)
Wands
 o - a wand of mindburst (13)
Scrolls
 h - a scroll of blinking
 j - a scroll of torment {unknown}
 k - a scroll of fog {unknown}
 m - a scroll of holy word {unknown}
 n - 2 scrolls of identify
Potions
 c - 3 potions of curing
 e - a potion of haste
 f - 2 potions of magic
 g - a potion of berserk rage
 i - a potion of mutation
 l - 2 potions of flight {unknown}
Miscellaneous
 p - a box of beasts


   Skills:
 + Level 11.7 Fighting
 + Level 11.8 Axes
 + Level 5.2 Armour
 + Level 5.8 Dodging
 + Level 2.9 Stealth


You had 7 spell levels left.
You didn't know any spells.
Your spell library was empty.

Dungeon Overview and Level Annotations

Branches:
Dungeon (1/1)

Altars:
Cheibriados
Dithmenos
Elyvilon
Fedhas
Gozag
Hepliaklqana
Kikubaaqudgha
Makhleb
Nemelex Xobeh
Okawaru
Qazlal
Ru
Sif Muna
Trog
Uskayaw
Vehumet
Wu Jian
Xom
Yredelemnul
Zin
The Shining One
Beogh
Jiyva
Lugonu

Annotations:
D Erica


Innate Abilities, Weirdness & Mutations

You are immune to sickness and miasma.
Your stone body is resilient. (AC +5)
You are immune to poison.
You resist negative energy. (rN+)
You are resistant to electric shocks. (rElec)
You are resistant to unholy torment.
You are immune to petrification.
You are partially covered in iridescent scales. (AC +2)
You possess an exceptional clarity of mind.


Message History

Erica hits you with a +2 scimitar of flaming.
Erica burns you. Erica hits you but does no damage.
A red film seems to cover your vision as you go berserk!
You feel yourself moving faster!
You feel mighty!
Erica screams, "Die!"
Erica gestures at you while chanting. The lance of force hits you!!
You are knocked back by the lance of force.
You slam into the rock wall!
Splash!
You fall into the shallow water.
Moving in this stuff is going to be slow.
You feel a strong urge to attack something.
Erica hits you but does no damage.
Your unstable footing causes you to fumble your attack.
Erica casts a spell at you.
You feel as though you will be slow longer.
You slash Erica!
Erica is lightly wounded.
Erica mumbles some strange words.
Erica flickers and vanishes!
Deactivating autopickup; reactivate with Ctrl-A.
You closely miss something. You slice something!! Something hits you.
Something burns you.
You slash something! Something hits you. Something burns you.
Your unstable footing causes you to fumble your attack.
You miss something.
You are no longer berserk.
You are exhausted.
You feel as though you will be slow longer.
Something hits you. Something burns you.
* * * LOW HITPOINT WARNING * * *
You closely miss something. Something hits you but does no damage.
Your unstable footing causes you to fumble your attack.
Something hits you.
* * * LOW HITPOINT WARNING * * *
Something burns you.
* * * LOW HITPOINT WARNING * * *
You miss something. Something hits you!
You die...

.#___#___#__#
.#...#__)#._#
.###'#'###)##
.#..........#
.).⌠........#
.#...######'#
.#.⌠.#__#...#+#####
.#)..#__#...#§§≈§§+
.#'###__#...#.#§@§#
.#)::#__#...'.#§{.#
.#___#__'...#.#§..#
▓▓▓▓▓▓▓▓▓▓▓▓▓▓▓▓▓▓▓


There were no monsters in sight!

Vanquished Creatures
  A deep elf pyromancer (D)
  A shadow (D)
  A spatial vortex (D)
  A necrophage (D)
  A water elemental (D)
  A jelly (D)
  Crazy Yiuf (D)
  Jessica (D)
  A necromancer (D)
  A kobold demonologist (D)
  3 humans (D)
  An endoplasm (D)
  2 rats (D)
16 creatures vanquished.

Vanquished Creatures (others)
  A wizard (D)
1 creature vanquished.

Grand Total: 17 creatures vanquished

Notes
Turn   | Place    | Note
-------+----------+-------------------------------------------
     0 | D        | mhtbhm the Gargoyle Berserker began the quest for the Orb.
     0 | D        | Reached XP level 1. HP: 14/14 MP: 1/1
    95 | D        | Noticed Jessica
    98 | D        | Reached ** piety under Trog
   104 | D        | Killed Jessica
   105 | D        | Reached XP level 2. HP: 14/20 MP: 2/2
   105 | D        | Reached XP level 3. HP: 18/25 MP: 3/3
   263 | D        | Noticed Crazy Yiuf
   270 | D        | Killed Crazy Yiuf
   271 | D        | Reached skill level 5 in Fighting
   271 | D        | Reached skill level 5 in Axes
   271 | D        | Reached XP level 4. HP: 32/32 MP: 4/4
   360 | D        | Gained mutation: You are clumsy. (Dex -2) [potion of
                  | mutation]
   361 | D        | Lost mutation: You are clumsy. (Dex -2) [potion of
                  | mutation]
   361 | D        | Gained mutation: You are partially covered in iridescent
                  | scales. (AC +2) [potion of mutation]
   361 | D        | Gained mutation: You possess an exceptional clarity of
                  | mind. [potion of mutation]
   437 | D        | Noticed a water elemental
   442 | D        | Killed a water elemental
   442 | D        | Reached *** piety under Trog
   443 | D        | Reached skill level 1 in Stealth
   443 | D        | Reached XP level 5. HP: 38/38 MP: 5/5
   525 | D        | Found a basalt altar of Yredelemnul.
   525 | D        | Found a shadowy altar of Dithmenos.
   525 | D        | Found a sacrificial altar of Ru.
   579 | D        | Found a radiant altar of Vehumet.
   579 | D        | Found a shimmering blue altar of Sif Muna.
   579 | D        | Found an ancient bone altar of Kikubaaqudgha.
   592 | D        | Reached **** piety under Trog
   593 | D        | Reached XP level 6. HP: 23/44 MP: 6/6
   739 | D        | Found a glowing silver altar of Zin.
   739 | D        | Found a glowing golden altar of the Shining One.
   739 | D        | Found a white marble altar of Elyvilon.
   740 | D        | Noticed a deep elf pyromancer
   755 | D        | Killed a deep elf pyromancer
   756 | D        | Reached skill level 10 in Fighting
   756 | D        | Reached skill level 10 in Axes
   756 | D        | Reached skill level 5 in Dodging
   756 | D        | Reached XP level 7. HP: 34/52 MP: 7/7
   886 | D        | Found a hide-covered altar of Uskayaw.
   886 | D        | Found an iron altar of Okawaru.
   886 | D        | Found a bloodstained altar of Trog.
   886 | D        | Found an ornate altar of the Wu Jian Council.
   886 | D        | Noticed a human
   887 | D        | Noticed a human
   896 | D        | Killed a human
   897 | D        | Reached skill level 5 in Armour
   899 | D        | Killed a human
   899 | D        | Reached ***** piety under Trog
   900 | D        | Reached XP level 8. HP: 60/60 MP: 8/8
   963 | D        | Noticed a shadow
   970 | D        | Killed a shadow
  1014 | D        | Found a blossoming altar of Fedhas.
  1014 | D        | Found a stormy altar of Qazlal.
  1014 | D        | Found a snail-covered altar of Cheibriados.
  1014 | D        | Found a burning altar of Makhleb.
  1014 | D        | Found a shimmering altar of Xom.
  1015 | D        | Found a hazy altar of Hepliaklqana.
  1015 | D        | Found an opulent altar of Gozag.
  1015 | D        | Found a sparkling altar of Nemelex Xobeh.
  1015 | D        | Found a corrupted altar of Lugonu.
  1015 | D        | Found a viscous altar of Jiyva.
  1063 | D        | Noticed Erica
  1077 | D        | Slain by Erica

Illustrated notes

Levels and vault maps discovered:
D:        dungeon_sprint_mu [sprint_mu_entry_forest, sprint_mu_temple_rooms,
          sprint_mu_d1_horrors, sprint_mu_d2_genie, sprint_mu_d3_branching,
          sprint_mu_orc_legion, sprint_mu_elf_gauntlet, sprint_mu_hive_nellie,
          sprint_mu_lair_fedhas, sprint_mu_vaults_butterflies,
          sprint_mu_slime_circle, sprint_mu_swamp_cave, sprint_mu_shoals_archi,
          sprint_mu_blade_basic, sprint_mu_crypt_chambers,
          sprint_mu_tomb_spiral, sprint_mu_vestibule_basic,
          sprint_mu_gehenna_hellfire, sprint_mu_dis_giant,
          sprint_mu_tartarus_statrot, sprint_mu_cocytus_islands, sprint_mu_zot1]

Skill      XL: |  1  2  3  4  5  6  7 |
---------------+----------------------+-----
Axes           | 4 5 6 7 10 11 | 11.8
Fighting       | 4 5 7 8 10 11 | 11.7
Dodging        | 2 3 5 |  5.8
Armour         | 3 4 5 |  5.2
Stealth        | 1 2 |  2.9

Action                   |  1- 3 |  4- 6 |  7- 9 || total
-------------------------+-------+-------+-------++-------
Melee: Hand axe          |    13 |    57 |    41 ||   111
       Punch             |       |       |     1 ||     1
Invok: Berserk           |     2 |     2 |     3 ||     7
Evoke: Wand              |       |     1 |       ||     1
  Use: Potion            |       |     3 |       ||     3
 Stab: Sleeping          |     1 |       |       ||     1
Armor: Animal skin       |     1 |       |       ||     1
       Robe              |       |    17 |     2 ||    19
       Ring mail         |       |       |     5 ||     5
Dodge: Dodged            |     6 |    24 |     8 ||    38

Table legend: (Time is in decaauts)
 A = Elapsed time spent in this place.
 B = Non-inter-level travel time spent in this place.
 C = Inter-level travel time spent in this place.
 D = Time resting spent in this place.
 E = Time spent auto-exploring this place.
 F = Levels seen in this place.
 G = Mean time per level.
                   A        B        C        D        E       F      G
               +--------+--------+--------+--------+--------+-----+--------+
         Total |   1126 |   1126 |      0 |    743 |      1 |   1 | 1126.0 |
       Dungeon |   1126 |   1126 |      0 |    743 |      1 |   1 | 1126.0 |
               +--------+--------+--------+--------+--------+-----+--------+

Top non-repeatable levels by time:
       D: 1126 daAuts
